 Dungeon Crawl Stone Soup version 0.28.0-49-g6dfe1f597d (webtiles) character file.

Game seed: 11042688270296983155

61 H0rd4k the Charlatan (level 4, 0/32 HPs)
             Began as a Human Artificer on May 18, 2022.
             Succumbed to an adder's poison
             ... on level 2 of the Dungeon.
             The game lasted 00:01:22 (2209 turns).

H0rd4k the Charlatan (Human Artificer)              Turns: 2209, Time: 00:01:23

Health: 0/32       AC:  3    Str: 12    XL:     4   Next: 27%
Magic:  4/4        EV: 11    Int: 13    God:
Gold:   74         SH:  0    Dex: 14    Spells: 3/3 levels left

rFire   . . .      SeeInvis .   a - +0 club
rCold   + . .      Faith    .   (no shield)
rNeg    . . .      Spirit   .   b - +0 leather armour
rPois   .          Reflect  .   (no helmet)
rElec   .          Harm     .   (no cloak)
rCorr   .          Rampage  .   (no gloves)
Will    .....                   (no boots)
Stlth   ++........              (no amulet)
HPRegen 0.10/turn               g - ring of protection from cold
MPRegen 0.09/turn               (no ring)

@: lethally poisoned (0 -> -8), hasted, very quick
A: no striking features
a: no special abilities


You were on level 2 of the Dungeon.
You visited 1 branch of the dungeon, and saw 2 of its levels.

You collected 74 gold pieces.

Inventory:

Hand Weapons
 a - a +0 club (weapon)
Armour
 b - a +0 leather armour (worn)
Jewellery
 g - a ring of protection from cold (left hand)
Wands
 c - a wand of flame (9) (quivered)
 d - a wand of charming (15)
Scrolls
 f - a scroll of identify {unknown}
 i - a scroll of brand weapon {unknown}
 j - a scroll of magic mapping {unknown}
Potions
 h - a potion of degeneration {unknown}
 l - a potion of curing {unknown}
Miscellaneous
 e - a piece from Xom's chessboard (15/15)


   Skills:
 + Level 1.1 Fighting
 + Level 1.9 Maces & Flails
 + Level 2.3 Armour
 + Level 1.6 Dodging
 + Level 1.6 Stealth
 + Level 3.3 Evocations


You had 3 spell levels left.
You didn't know any spells.
Your spell library was empty.

Dungeon Overview and Level Annotations

Branches:
Dungeon (2/15)

Altars:


Message History

The adder bites you.
You are poisoned.
The adder poisons you!
You barely miss the adder.
The adder is moderately wounded.
You feel sick. The adder barely misses you. The adder bites you.
You are more poisoned.
The adder poisons you!
You barely miss the adder.
The adder is moderately wounded.
You feel sick. The adder bites you.
You barely miss the adder.
The adder is moderately wounded.
You feel sick. The adder bites you but does no damage. The adder bites you.
You are more poisoned.
The adder poisons you!
You hit the adder but do no damage.
The adder is moderately wounded.
You feel sick. The adder barely misses you. The adder closely misses you.
You hit the adder.
The adder is heavily wounded.
You feel sick. The adder bites you.
* * * LOW HITPOINT WARNING * * *
You are lethally poisoned!
The adder poisons you!
You hit the adder.
The adder is severely wounded.
* * * LOW HITPOINT WARNING * * *
You feel very sick. The adder misses you. The adder bites you.
* * * LOW HITPOINT WARNING * * *
Aiming: Throw Flame
Press: ? - help, Shift-Dir - straight line, f - adder
Aim: an adder (severely wounded, 53% to hit)
The puff of flame hits the adder!
You kill the adder!
* * * LOW HITPOINT WARNING * * *
You feel sick.
It was a potion of haste.
You feel yourself speed up.
You die...

#..# ##.......
###.#####........ #
#....)...........
#.
###.#.######.......
##.##...#...
####.###
#.....#####..# #.##
.#.###.# #..# #..##
.....#.##
#.######..#
........@#
.........#
###.#......#
########..
####...######
##....
#........####..##.
###.#..#..#...###.
.##......### ##
#.##..#.#### #
...........#####
#..######.....[.


There were no monsters in sight!

Vanquished Creatures
  2 adders (D:2)
  A dart slug (D:1)
  3 ball pythons (D:1)
  6 endoplasms
  2 goblins (D:1)
  3 hobgoblins (D:1)
  2 jackals (D:1)
  2 kobolds
  3 quokkas (D:1)
  4 bats
  2 frilled lizards (D:2)
  9 rats
  A spectral hobgoblin (D:1)
40 creatures vanquished.

Notes
Turn   | Place    | Note
-------+----------+-------------------------------------------
     0 | D:1      | H0rd4k the Human Artificer began the quest for the Orb.
     0 | D:1      | Reached XP level 1. HP: 15/15 MP: 1/1
   107 | D:1      | Reached XP level 2. HP: 21/21 MP: 2/2
   763 | D:1      | Found a faded altar of an unknown god.
   772 | D:1      | Reached skill level 1 in Maces & Flails
   845 | D:1      | Reached XP level 3. HP: 23/26 MP: 3/3
  1927 | D:2      | Reached XP level 4. HP: 32/32 MP: 4/4
  2209 | D:2      | Succumbed to an adder's poison

Illustrated notes

Levels and vault maps discovered:
D:1:      co_arrival_square_in_a_square_in_a_square, layout_basic,
          dreamdust_ecumenical_altar_drowned_temple, minmay_rat_gold_closets
D:2:      layout_rooms

Skill      XL: |  1  2 |
---------------+-------+-----
Maces & Flails | 1 |  1.9
Fighting       | |  1.1
Armour         | |  2.3
Dodging        | |  1.6
Stealth        | |  1.6
Evocations     | |  3.3

Action                   |  1- 3 |  4- 6 || total
-------------------------+-------+-------++-------
Melee: Club              |   149 |    32 ||   181
       Punch             |     2 |     1 ||     3
Evoke: Wand              |     5 |     1 ||     6
  Use: Potion            |       |     1 ||     1
 Stab: Sleeping          |     5 |       ||     5
Armor: Leather armour    |    54 |    11 ||    65
Dodge: Dodged            |   111 |    17 ||   128
